 Dungeon Crawl Stone Soup version 0.31.0-2-g5a2aebc5c2 (webtiles) character file.

Game seed: 4046910773624494758

1081 Cheops the Spear-Bearer (level 8, -2/58 HPs)
             Began as a Formicid Fighter on Jan 20, 2024.
             Slain by a gnoll sergeant
             ... wielding a +0 spear
              (4 damage)
             ... on level 4 of the Dungeon.
             The game lasted 00:09:22 (7668 turns).

Cheops the Spear-Bearer (Formicid Fighter)          Turns: 7668, Time: 00:09:23

Health: -2/58      AC:  9    Str: 23    XL:     8   Next: 55%
Magic:  8/8        EV:  8    Int:  8    God:
Gold:   197        SH:  5    Dex: 13    Spells: 7/7 levels left

rFire   . . .        a - +0 trident
rCold   . . .        c - +0 buckler
rNeg    . . .        s - +0 chain mail
rPois   .            (helmet unavailable)
rElec   .            (no cloak)
rCorr   .            (no gloves)
SInv    +            (no boots)
Will    .....        (no amulet) Stlth
                     o - +4 ring of slaying
HPRegen 0.29/turn    (no ring)
MPRegen 0.11/turn

%: no passive effects
@: no status effects
A: permanent stasis, dig shafts and tunnels, antennae 3, four strong arms
a: Dig, Shaft Self


You were on level 4 of the Dungeon.
You visited 1 branch of the dungeon, and saw 5 of its levels.

You collected 197 gold pieces.

Inventory:

Hand Weapons
 a - a +0 trident (weapon)
Armour
 b - a +0 scale mail
 c - a +0 buckler (worn)
 d - a +2 leather armour of willpower
 s - a +0 chain mail (worn)
Jewellery
 o - a +4 ring of slaying (left hand)
 q - a ring of fire
Wands
 n - a wand of mindburst (20)
 u - a wand of polymorph (14)
Scrolls
 e - a scroll of torment
 f - 4 scrolls of teleportation {unknown}
 g - a scroll of butterflies {unknown}
 i - 3 scrolls of poison {unknown}
 j - 2 scrolls of blinking {unknown}
 l - 3 scrolls of identify {unknown}
 m - a scroll of fear {unknown}
 v - a scroll of revelation {unknown}
Potions
 k - a potion of heal wounds {unknown}
 p - a potion of attraction {unknown}
 r - a potion of haste {unknown}
 t - a potion of brilliance {unknown}


   Skills:
 - Level 3.2 Fighting
 + Level 9.7 Polearms
 - Level 3.2 Armour
 - Level 4.0 Shields


You had 7 spell levels left.
You didn't know any spells.
Your spell library contained the following spells:

 Spells                   Type           Power      Damage    Failure   Level
 Apportation              Tloc           0%         N/A       97%         1
 Foxfire                  Conj/Fire      0%         2x1d4     97%         1
 Necrotise                Necr           0%         1d4       97%         1
 Sting                    Conj/Alch      0%         1d3       97%         1
 Summon Small Mammal      Summ           0%         N/A       97%         1
 Gell's Gravitas          Tloc           0%         N/A       100%        3
 Teleport Other           Tloc           0%         N/A       100%        3
 Vampiric Draining        Necr           0%         2d6       100%        3
 Martyr's Knell           Necr/Summ      0%         N/A       100%        4
 Curse of Agony           Necr           0%         N/A       100%        5
 Dispersal                Tloc           0%         N/A       100%        6
 Plasma Beam              Fire/Air       0%         2x1d10    100%        6
 Starburst                Conj/Fire      0%         6d3       100%        6


Dungeon Overview and Level Annotations

Branches:
Dungeon (5/15)
 Temple: D:4-7

Altars:
Dithmenos
Qazlal


Innate Abilities, Weirdness & Mutations

You cannot be hasted, slowed, berserked, paralysed or teleported.
You can dig through walls and to a lower floor.
You have a pair of large antennae on your head. (SInv)
Your four strong arms can wield two-handed weapons with a shield.


Message History

The gnoll sergeant hits you with a +0 spear!
* * * LOW HITPOINT WARNING * * *
The gnoll hits you but does no damage.
Unknown command.
Unknown command.
Unknown command.
Okay, then.
You feel better. The gnoll sergeant closely misses you.
The gnoll hits you but does no damage.
You hit the gnoll sergeant but do no damage.
The gnoll sergeant is heavily wounded.
The gnoll sergeant hits you with a +0 spear!
* * * LOW HITPOINT WARNING * * *
The gnoll hits you but does no damage.
Unknown command.
Unknown command.
Okay, then.
Unknown command.
Unknown command.
You hit the gnoll sergeant but do no damage.
The gnoll sergeant is heavily wounded.
The gnoll sergeant hits you with a +0 spear.
* * * LOW HITPOINT WARNING * * *
The gnoll hits you with a +0 club.
* * * LOW HITPOINT WARNING * * *
Unknown command.
You hit the gnoll sergeant.
The gnoll sergeant is heavily wounded.
The gnoll sergeant hits you but does no damage.
The gnoll hits you with a +0 club.
* * * LOW HITPOINT WARNING * * *
Unknown command.
Unknown command.
Unknown command.
Unknown command.
As you read the scroll labelled HUGIASHIWN, it crumbles to dust.
You feel a surge of unholy energy.
The gnoll convulses!
The gnoll sergeant convulses!
It was a scroll of torment.
The gnoll sergeant hits you with a +0 spear.
You die...

.....### #.....##
.......## ###....#
....##..## #....#
...##....# #....#
...#._...# #....#
...##....####....#
....##..##.......#
.......##........#
.....###.>......@#
...............gg#
.................#
.................#
.................#
.................#
.................#
...#####.........#
...#...#.........#


You could see a gnoll sergeant and a gnoll.

Vanquished Creatures
  An ice beast (D:5)
  3 phantoms (D:4)
  A scorpion (D:5)
  A water moccasin skeleton (D:4)
  A vampire bat (D:3)
  A bombardier beetle (D:4)
  A bullfrog zombie (D:4)
  A hound (D:4)
  A jelly (D:4)
  2 orc priests (D:3)
  A bullfrog skeleton (D:4)
  A centaur skeleton (D:4)
  An orc wizard (D:3)
  2 scorpion zombies (D:4)
  A hound zombie (D:4)
  2 gnolls (D:5)
  5 adders
  A howler monkey skeleton (D:4)
  An adder skeleton (D:4)
  2 adder zombies (D:4)
  3 dart slugs
  3 fire bats (D:3)
  3 ribbon worms
  10 orcs (D:3)
  2 spectral bats (D:3)
  3 bat skeletons (D:3)
  A bat zombie (D:3)
  9 endoplasms
  A giant cockroach (D:2)
  15 goblins
  11 hobgoblins
  9 jackals
  4 quokkas
  9 ball pythons
  13 bats
  A bat simulacrum (D:3)
  3 frilled lizards
  7 kobolds
  7 rats
144 creatures vanquished.

Notes
Turn   | Place    | Note
-------+----------+-------------------------------------------
     0 | D:1      | Cheops the Formicid Fighter began the quest for the Orb.
     0 | D:1      | Reached XP level 1. HP: 18/18 MP: 1/1
   189 | D:1      | Reached XP level 2. HP: 24/24 MP: 2/2
   231 | D:1      | Reached skill level 3 in Polearms
   627 | D:1      | Reached XP level 3. HP: 29/29 MP: 3/3
   722 | D:2      | Found a stormy altar of Qazlal.
  1066 | D:2      | Reached skill level 4 in Polearms
  1066 | D:2      | Reached XP level 4. HP: 35/35 MP: 4/4
  1911 | D:3      | Found a stormy altar of Qazlal.
  1965 | D:3      | Reached XP level 5. HP: 35/41 MP: 5/5
  2012 | D:3      | You fall into a shaft and drop 1 floor!
  2146 | D:4      | Reached skill level 5 in Polearms
  2230 | D:4      | Noticed a phantom
  2259 | D:4      | Killed a phantom
  2260 | D:4      | Reached skill level 6 in Polearms
  2260 | D:4      | Reached XP level 6. HP: 41/47 MP: 6/6
  2486 | D:3      | Found the +1 Delatra's gloves {ID++}
  2601 | D:3      | Reached skill level 7 in Polearms
  2601 | D:3      | Reached XP level 7. HP: 45/52 MP: 7/7
  2604 | D:3      | You fall into a shaft and drop 2 floors!
  2604 | D:5      | Entered Level 5 of the Dungeon
  3040 | D:3      | Reached skill level 8 in Polearms
  4653 | D:2      | Found a stormy altar of Qazlal.
  4884 | D:3      | Found a stormy altar of Qazlal.
  5765 | D:4      | Reached XP level 8. HP: 53/58 MP: 8/8
  5813 | D:4      | Found a shadowy altar of Dithmenos.
  6131 | D:4      | Reached skill level 9 in Polearms
  6546 | D:3      | Found a stormy altar of Qazlal.
  7246 | D:4      | Found a shadowy altar of Dithmenos.
  7667 | D:4      | HP: 2/58 [gnoll/+0 club[a gnoll sergeant] (3)]
  7668 | D:4      | Slain by a gnoll sergeant

Illustrated notes

Levels and vault maps discovered:
D:1:      scummos_arrival_checkerplants, layout_loops_ring
D:2:      layout_basic, basic_altar, serial_rivers,
          chequers_serial_rivers_marsh, chequers_serial_rivers_small_a,
          chequers_serial_rivers_small_3, chequers_serial_rivers_room_a,
          chequers_serial_rivers_small_a, chequers_serial_rivers_micro_a
D:3:      corexii_shack_village, layout_basic, mainiacjoe_overflow_tiny_flanked,
          goddamned_bats
D:4:      layout_gridville, nicolae_dithmenos_through_a_glass_darkly,
          serial_undead, serial_undead_b, serial_undead_a, serial_undead_d,
          serial_undead_a, serial_undead_d
D:5:      minmay_general_purpose_star, layout_cave_pools, old_standard_altar,
          serial_shops, shop_fountains, uniq_crazy_yiuf_cottage

Skill      XL: |  1  2  3  4  5  6  7  8 |
---------------+-------------------------+-----
Polearms       | 3 4 6 7 8 9 |  9.7
Fighting       | |  3.2
Armour         | |  3.2
Shields        | |  4.0

Action                     |  1- 3 |  4- 6 |  7- 9 || total
---------------------------+-------+-------+-------++-------
  Melee: Trident           |   121 |   188 |   151 ||   460
Ability: Shaft Self        |       |     1 |     1 ||     2
    Use: Potion            |       |       |     3 ||     3
         Scroll            |       |       |     1 ||     1
 Armour: Scale mail        |    62 |    97 |    43 ||   202
         Chain mail        |       |       |    53 ||    53
  Dodge: Dodged            |    31 |    62 |    45 ||   138
  Block: Buckler           |    27 |    37 |    28 ||    92
